← All builds
Pond / Cortex / Economy first / OBSERVED BUILD

Sharpshooter buy

Cortex Pond build order · Supreme Isthmus

Pond funds Tech from early on to buy Sharpshooters which arrive around 5:06, reinforcing the middle with sniper bots well ahead of the role's usual T2 timing.

#push #team support · 47 distinct matches · 18 players · 14% of Cortex Pond games · team won 49% of 47 · Recently observed

THE CATCH, AND WHAT COMES WITH IT
  • SharpshooterSniper bot from Tech arrives 5:06 · 12% of role by thenTech makes it and hands it over.
  • HerculesLight transport from an ally in 45%15% of all Pond games by then

Paid for by sending allies about 850 metal and 18,000 energy by 5:00; standard pond sends 450 metal and 13,000 energy.

Where those units first fight, in 47 games with kill data: in the middle 91%, on their own side 9%.

Those units destroy a typical 2,365 metal of enemy units by 15:00.

Then transitions into tick (15% of army), grunt (15% of army), rascal (9% of army).

HOW TO PLAY IT

Key timing: Sharpshooter by 5:06

  1. Start tidals, mex and wind as your normal Pond opener.
  2. Take a light transport from an ally to help ferry units.
  3. Pay Tech early with metal and heavy energy for the sniper bot buy.
  4. Receive the Sharpshooter from Tech and put it to work at middle.
  5. Push on into advanced mex and the usual T2 transition.

Phase by phase

TYPICAL OF ITS 47 GAMES · AGAINST STANDARD POND
  1. 1
  2. 2
PLAY THE OPENING

Follow the example game's first 6:07 step by step: what to build now, what comes next, and where it goes. At 1× it keeps pace with your own game.

  1. 1

    Up to 5:00

    Economy
    • Metal Extractor4Mex
    • Tidal Generator8Tidalfor allies
    • Wind Turbine6Wind
    • Tidal Generator2Tidal
    • Energy Storage1Energy storage

    Some games also: wind (45%) · converter (38%) · con turret (36%)

    By 5:00 in all: 4 mex · 6 wind · 2 tidal · 1 energy storage

    The example game in this phase · 15 steps
    1. Tidal ×9for Suicide front
    2. Tidal
    3. Mex
    4. Wind ×2
    5. Mex
    6. Energy storage
    7. Mex
    8. Wind ×3
    9. Energy storage
    10. Wind ×4
    11. Converter ×2
    12. Mex
    13. Converter ×3
    14. Con turret
    15. Converter
  2. 2

    5:00 to 10:00

    Economy
    • Wind Turbine6Wind+6 vs standard

    Some games also: con turret (45%) · wind (43%) · Guard (40%) · converter (34%) · converter (32%)

    The standard build makes here, this one skips: 10 wind · 3 converter

    By 10:00 in all: 4 mex · 11 wind (standard 18) · 9 wind (standard 0) · 2 tidal · 2 converter · 1 energy storage

    The example game in this phase · 132 steps
    1. Wind ×5
    2. Con turret
    3. Wind ×6
    4. Aircraft PlantAircraft Plantdone 7:16
    5. Wind ×3
    6. ShurikenShuriken
    7. Wind
    8. ShurikenShuriken
    9. Wind
    10. ShurikenShuriken ×2
    11. Wind
    12. ShurikenShuriken ×2
    13. Wind ×2
    14. ShurikenShuriken
    15. Bot LabBot Labdone 8:28
    16. ShurikenShuriken
    17. ValiantValiant
    18. RocketeerRocketeer
    19. Aircraft PlantEat Aircraft Plantreclaimed for its metal
    20. SentrySentry
    21. TickTick
    22. RocketeerRocketeer
    23. TickTick ×3
    24. SentrySentry
    25. TickTick
    26. RocketeerRocketeer
    27. TickTick ×4
    28. RocketeerRocketeer
    29. TickTick
    30. LazarusLazarus
    31. SentrySentry
    32. CenturionCenturion
    33. RocketeerRocketeer
    34. SentrySentry
    35. TickTick
    36. RocketeerRocketeer
    37. TickTick ×4
    38. RocketeerRocketeer
    39. TickTick ×3
    40. RocketeerRocketeer
    41. TickTick ×4
    42. SentrySentry
    43. RocketeerRocketeer
    44. TickTick
    45. Mex
    46. TickTick ×3
    47. BeamerBeamer
    48. Sneaky PeteSneaky Pete
    49. TickTick ×4
    50. LazarusLazarus
    51. CenturionCenturion
    52. RocketeerRocketeer
    53. Converter ×2
    54. RocketeerRocketeer
    55. Radar TowerRadar Tower
    56. Converter
    57. TickTick ×2
    58. Converter
    59. RocketeerRocketeer
    60. TickTick
    61. Con turret
    62. Dragon's TeethDragon's Teeth
    63. TickTick
    64. RocketeerRocketeer
    65. Dragon's TeethDragon's Teeth ×2
    66. TickTick ×2
    67. Dragon's TeethDragon's Teeth
    68. TickTick
    69. Dragon's TeethDragon's Teeth
    70. TickTick
    71. Dragon's TeethDragon's Teeth
    72. TickTick ×3
    73. Dragon's TeethDragon's Teeth
    74. TickTick ×2
    75. RocketeerRocketeer
    76. Dragon's TeethDragon's Teeth
    77. TickTick ×4
    78. Mex
    79. TickTick
    80. RocketeerRocketeer
    81. TickTick ×2
    82. LazarusLazarus
    83. BeamerBeamer
    84. CenturionCenturion
    85. RocketeerRocketeer
    86. TickTick ×5
    87. RocketeerRocketeer
    88. TickTick ×2
    89. JunoJuno
    90. TickTick
    91. Con turret
    92. TickTick
    93. RocketeerRocketeer
    94. Dragon's TeethDragon's Teeth
    95. TickTick
    96. Dragon's TeethDragon's Teeth ×2
    97. RocketeerRocketeer
    98. TickTick
    99. Dragon's TeethDragon's Teeth
    100. LazarusLazarus
    101. Construction BotCon bot
    102. LazarusLazarus ×2
    103. Mex
    104. Construction BotCon bot
    105. LazarusLazarus
    106. Dragon's TeethDragon's Teeth
    107. RocketeerRocketeer
    108. Dragon's TeethDragon's Teeth ×2
    109. Construction BotCon bot
    110. Dragon's TeethDragon's Teeth
    111. RocketeerRocketeer
    112. Dragon's TeethDragon's Teeth
    113. Con turret
    114. Dragon's TeethDragon's Teeth
    115. Construction BotCon bot
    116. GuardGuard
    117. TickTick
    118. CenturionCenturion
    119. TickTick ×8
    120. LazarusLazarus
    121. CenturionCenturion
    122. GuardGuard
    123. CenturionCenturion
    124. Radar TowerRadar Tower
    125. Armada CommanderArmada Commander
    126. Con turret
    127. Radar TowerRadar Tower
    128. TickTick
    129. GuardGuard
    130. TickTick
    131. Advanced Metal ExtractorT2 mexnot finished by 15:00 · typical 9:58
    132. TickTick ×12

Counts are medians over the build's games: half of them build more, half fewer. The example game is jazmastah's (40 OS, 21/08/2026); pick another.

Team trades

IN AT LEAST 30% OF ITS GAMES

You hand over

  • Tidal Generator8 Tidal to Suicide front or Frontfirst at 0:13 · in 98% of games

You get

  • Construction Bot1 Con bot from Geo or Suicide frontfirst at 2:21 · in 51% of games
  • Hercules1 Light transport from Air or Techfirst at 4:55 · in 45% of games
  • Sharpshooter2 Sniper bot from Techfirst at 5:07 · in 100% of games
  • Butler2 Butler from Techfirst at 7:58 · in 32% of games
  • Advanced Construction Bot1 T2 con bot from Techfirst at 8:22 · in 100% of games

How it plays out

Typical game of this build against the role’s standard build, running totals by minute

  • This build
  • Standard pond

Metal produced

010k20k
0:005:0010:0015:00

metal

Enemy metal destroyed

02k4k6k
0:005:0010:0015:00

metal

Own metal lost

02k4k
0:005:0010:0015:00

metal

Metal sent to allies

01k2k
0:005:0010:0015:00

metal

Energy sent to allies

020k40k60k
0:005:0010:0015:00

metal

47 games.

Show as table
ByMetal produced: This buildMetal produced: Standard pondEnemy metal destroyed: This buildEnemy metal destroyed: Standard pondOwn metal lost: This buildOwn metal lost: Standard pondMetal sent to allies: This buildMetal sent to allies: Standard pondEnergy sent to allies: This buildEnergy sent to allies: Standard pond
1:0011511500000014381052
2:0027528500000031602848
3:008088220000101057334945
4:001483149400005154397238188
5:002203225700008494481786213143
6:0029293137000011807302833717257
7:0037304016420007012909763420120608
8:00450848501183249260161135610273826028447
9:00545063231985555770511141910273951529716
10:0065198183301912401360859167510274152330120
11:00807897923664154620611231168110274711731305
12:0010171120743875169724651405171510274741034728
13:0012313140324221188628011586173810275039842543
14:0014336163914652246330422530177910275424345040
15:0017149186525425301036073482196010275427049057
WHAT THE NUMBERS SAY

Won slightly more often than the standard build, with enemy metal destroyed at 10:00 more than double standard.

  • + Enemy metal destroyed by 10:00 is far above standard (3019 vs 1240).
  • + Win rate came in above the standard build's 47%.
  • − Metal production lags standard build badly by 10:00 (6519 vs 8183).
  • − Own losses by 10:00 run higher than standard (1360 vs 859).
THE EXAMPLE YOU ARE READING

jazmastah

40.2 OS · 21/08/2026

Open source match ↗

41 received units · includes a constructor
183 metal received · 33241 energy received

Allied construction assistance is unknown. Timings are observations, not a promise of solo reproducibility.

Typical milestones

Advanced Metal Extractor9:58Middle 50%: 9:09–10:54 · n=45

Played most by

[Grump]Matsuri13games of this buildBoozha7games of this buildEspera3games of this buildjazmastah3games of this build[Crd]VOLT2games of this build